 Dungeon Crawl Stone Soup version 0.14-a0-2592-g262d02f (webtiles) character file.

431 Severedicks the Poker (level 5, -19/40 HPs)
             Began as a Djinni Chaos Knight on Feb 12, 2014.
             Was a Plaything of Xom.
             Killed from afar by Purgy the shock serpent (glowing shapeshifter) (28 damage)
             ... with a bolt of electricity
             ... on Level 3 of the Dungeon.
             The game lasted 00:07:27 (3197 turns).

Severedicks the Poker (Djinni Chaos Knight)         Turns: 3197, Time: 00:07:27

HP -19/40        AC  5     Str 13      XL: 5   Next: 60%
MP   0/0         EV 10     Int 12      God: Xom
Gold 217         SH  0     Dex 13      Spells:  0 memorised,  4 levels left

rFire  + + +     SeeInvis .     j - +0 spear (chaos)
rCold  x . .     Clarity  .     b - +2 leather armour
rNeg   + + +     Conserve .     (no shield)
rPois  .         rCorr    .     (no helmet)
rElec  .         rRot     .     (no cloak)
SustAb . .       Spirit   .     (no gloves)
rMut   .         Warding  .     (boots unavailable)
Saprov . . .     Stasis   .     (no amulet)
MR     .....                    (no ring)
                                (no ring)

@: flying, not resistant to hostile enchantments, unstealthy
A: fire immunity, cold vulnerability, life protection 3
a: Renounce Religion


You were on level 3 of the Dungeon.
You worshipped Xom.
You were a favourite toy of Xom.
You were not hungry.

You visited 1 branch of the dungeon, and saw 4 of its levels.

You collected 217 gold pieces.

Inventory:

Hand weapons
 a - a +0,+1 orcish flail
 j - a +0,+0 spear of chaos (weapon)
Armour
 b - a +2 leather armour (worn)
Magical devices
 l - a wand of random effects (12)
Scrolls
 c - a scroll of remove curse
 d - a scroll of enchant weapon II {unknown}
 h - a scroll of magic mapping {unknown}
Jewellery
 p - an uncursed amulet of the gourmand {unknown}
Potions
 e - 3 potions of curing {unknown}
 f - 2 potions of heal wounds {unknown}
 g - a potion of magic {unknown}
 i - a potion of speed {unknown}
 o - a potion of brilliance {unknown}


   Skills:
 + Level 2.7 Fighting
 + Level 6.3 Polearms
 - Level 2.1 Armour
 - Level 0.8 Dodging


You had 4 spell levels left.
You didn't know any spells.

Dungeon Overview and Level Annotations

Branches:
Dungeon (4/16)
 Temple: D:4-7

Altars:
Yredelemnul

Shops:
D:4 [

Annotations:
D:3 Purgy


Innate Abilities, Weirdness & Mutations

You are immune to all types of fire, even holy and hellish.
You are vulnerable to cold.
You need no food.
You have no legs.
You are immune to negative energy.


Message History

You hit Purgy.
You feel better.
Purgy is severely wounded.
You hit Purgy. You freeze Purgy.
Purgy is severely wounded.
Purgy bites you!
You hit Purgy but do no damage.
Purgy is poisoned.
Purgy is severely wounded.
You hit Purgy.
You heal Purgy.
Purgy is heavily wounded.
You hit Purgy.
Purgy is severely wounded.
Purgy bites you!
* * * LOW HITPOINT WARNING * * *
Purgy looks more healthy.
Purgy the giant slug changes into a shock serpent!
Purgy begins to gather electrical charge!
Purgy shoots out a bolt of electricity!
The bolt of electricity hits you!
Ouch! That really hurt!
You die...
Xom thinks this is hilarious!

# #.........# #....##.#.# #. #
#.........# #.........# ## #
#.#####)..######.###.### #
#.#..............#.#.#
#.#.###......##....#.#
#.#.........(##.##.#.####
#.#..........+..#.......#
#............###.###.##.#
##########...@.#.###.##.# ####.#
#...#.#.....##.# .....#
###.%...S..#..##.#
.###.######.......#.....##.# ####
.# #.(...##'####........##.# #...
.# #.....#........##..#.##.# #.##
.###..((.#............#.##.###..#
...(.....'......>................
####.....#..........#.####.#.....


You could see Purgy the shock serpent shaped shifter.

Vanquished Creatures
  A hound (D:4)
  An iron imp (D:3)
  An orc priest (D:4)
  3 big fish zombies (D:2)
  3 adders
  An inept feature mimic (D:4)
  A white imp (D:3)
  2 worms (D:2)
  10 orcs
  8 giant cockroaches
  9 hobgoblins
  3 quokkas
  14 bats
  2 giant geckos
  3 giant newts
  2 goblins (D:1)
  8 kobolds
  7 rats
79 creatures vanquished.

Vanquished Creatures (others)
  A quasit (D:4)
1 creature vanquished.

Grand Total: 80 creatures vanquished

Notes
Turn   | Place    | Note
--------------------------------------------------------------
     0 | D:1      | Severedicks, the Djinni Chaos Knight, began the quest for the Orb.
     0 | D:1      | Reached XP level 1. HP: 16/16 MP: 0/0
    20 | D:1      | XOM: divination: detect creatures
   121 | D:1      | XOM: harmless Divn miscast
   173 | D:1      | Reached XP level 2. EP: 20/22
   257 | D:1      | XOM: divination: detect creatures
   570 | D:2      | Reached skill level 4 in Polearms
   657 | D:2      | Reached XP level 3. EP: 26/28
   840 | D:2      | XOM: potion effect (speed)
   974 | D:2      | Reached XP level 4. EP: 34/34
   977 | D:2      | Found a basalt altar of Yredelemnul.
  1155 | D:2      | Reached skill level 5 in Polearms
  1414 | D:2      | XOM: harmless Divn miscast
  1631 | D:3      | XOM: mild Fire miscast
  1643 | D:3      | XOM: divination: detect items
  1669 | D:3      | XOM: mild Trmt miscast
  1763 | D:3      | Noticed Purgy
  1764 | D:3      | XOM: potion effect (speed)
  1766 | D:3      | XOM: divination: detect items
  1769 | D:3      | Noticed Purgy
  1769 | D:3      | Purgy changed into Purgy the mottled dragon
  1775 | D:3      | Noticed Purgy
  1775 | D:3      | Purgy the mottled dragon changed into Purgy the wyvern
  1776 | D:3      | Noticed Purgy
  1776 | D:3      | Purgy the wyvern changed into Purgy the human
  1782 | D:3      | Purgy the human changed into Purgy the worm
  1800 | D:3      | Noticed Purgy
  1803 | D:3      | XOM: potion effect (brilliance)
  1803 | D:3      | Noticed Purgy
  1803 | D:3      | Purgy the yellow wasp changed into Purgy the ice beast
  1808 | D:3      | Noticed Purgy
  1808 | D:3      | Purgy the ice beast changed into Purgy the fire drake
  1813 | D:3      | Noticed Purgy
  1813 | D:3      | Purgy the fire drake changed into Purgy the hog
  1814 | D:3      | Noticed Purgy
  1814 | D:3      | Purgy the hog changed into Purgy the ice beast
  1819 | D:3      | Noticed Purgy
  1819 | D:3      | Purgy the ice beast changed into Purgy the hog
  1821 | D:3      | Purgy the hog changed into Purgy the eye of draining
  1830 | D:3      | XOM: potion effect (agility)
  1836 | D:3      | Noticed Purgy
  1836 | D:3      | Purgy the eye of draining changed into Purgy the tarantella
  1840 | D:3      | Noticed Purgy
  1840 | D:3      | Purgy the tarantella changed into Purgy the salamander
  1843 | D:3      | Noticed Purgy
  1843 | D:3      | Purgy the salamander changed into Purgy the guardian serpent
  1845 | D:3      | XOM: divination: detect creatures
  1846 | D:3      | XOM: god gift: scroll labeled CRAANWISSO
  1848 | D:3      | Noticed Purgy
  1848 | D:3      | Purgy the guardian serpent changed into Purgy the troll
  1857 | D:3      | Noticed Purgy
  1857 | D:3      | Purgy the troll changed into Purgy the boring beetle
  1858 | D:3      | Noticed Purgy
  1858 | D:3      | Purgy the boring beetle changed into Purgy the boulder beetle
  1864 | D:3      | Noticed Purgy
  1864 | D:3      | Purgy the boulder beetle changed into Purgy the lindwurm
  1948 | D:3      | Noticed Purgy
  1952 | D:3      | Noticed Purgy
  1952 | D:3      | Purgy the tarantella changed into Purgy the yaktaur
  1959 | D:3      | Noticed Purgy
  1959 | D:3      | Purgy the yaktaur changed into Purgy the tarantella
  1961 | D:3      | Noticed Purgy
  1961 | D:3      | Purgy the tarantella changed into Purgy the spriggan
  2493 | D:3      | XOM: summons 2 hostile demons
  2736 | D:4      | Reached XP level 5. EP: 18/40
  2872 | D:4      | XOM: 1-stop teleportation journey
  2887 | D:4      | Reached skill level 6 in Polearms
  2974 | D:4      | Found Cobbiema's Armour Emporium.
  3048 | D:4      | Noticed an ogre
  3057 | D:4      | XOM: swap weapons
  3069 | D:4      | XOM: summons friendly quasit
  3076 | D:4      | XOM: harmless Ice miscast
  3105 | D:4      | XOM: swap weapons
  3107 | D:4      | XOM: chaos upgrade
  3109 | D:4      | XOM: divination: magic mapping
  3117 | D:4      | XOM: divination: magic mapping
  3156 | D:4      | XOM: summons friendly something
  3180 | D:3      | Noticed Purgy
  3193 | D:3      | Noticed Purgy
  3193 | D:3      | Purgy the giant slug changed into Purgy the shock serpent
  3197 | D:3      | Killed from afar by Purgy the shock serpent (glowing shapeshifter)

Action                   |  1- 3 |  4- 6 || total
-------------------------+-------+-------++-------
Melee: Spear             |   125 |   247 ||   372
       Dagger            |       |     4 ||     4
Evoke: Wand              |     1 |       ||     1
  Use: Scroll            |       |     8 ||     8
 Stab: Paralysed         |    19 |    14 ||    33
       Sleeping          |     3 |     5 ||     8
       Petrifying        |     2 |     1 ||     3
       Confused          |       |     1 ||     1
